 Dungeon Crawl Stone Soup version 0.28-a0-1412-gf95308ed99 (webtiles) character file.

Game seed: 5541425217331132339

4273 Cheeritup the Summoner (level 10, -3/53 HPs)
             Began as a Tengu Summoner on Jan 7, 2022.
             Was a Priest of Wu Jian.
             Killed from afar by chipmonk's ghost (30 damage)
             ... with a stone arrow
             ... on level 8 of the Dungeon.
             The game lasted 00:50:10 (8516 turns).

Cheeritup the Summoner (Tengu Summoner)             Turns: 8516, Time: 00:50:10

Health: -3/53      AC: 11    Str: 11    XL:     10   Next: 31%
Magic:  8/16       EV: 15    Int: 15    God:    Wu Jian [***...]
Gold:   415        SH:  0    Dex: 17    Spells: 3/16 levels left

rFire   + . .      SeeInvis .   b - +4 scythe (freeze)
rCold   . . .      Faith    .   (shield currently unavailable)
rNeg    . . .      Spirit   .   x - +3 ring mail {rF+}
rPois   .          Reflect  .   E - +0 hat
rElec   .          Harm     .   C - +0 cloak
rCorr   .          Rampage  .   k - +1 pair of gloves
Will    +....                   (boots unavailable)
Stlth   ++........              z - amulet of regeneration
HPRegen 0.97/turn               r - ring of willpower
MPRegen 0.15/turn               (no ring)

@: flying quickly and evasively, quick
A: beak, talons 3, nimble flight
a: Renounce Religion, Wall Jump, Serpent's Lash


You were on level 8 of the Dungeon.
You worshipped Wu Jian.
Wu Jian was most pleased with you.
You visited 1 branch of the dungeon, and saw 8 of its levels.
You also visited: Ossuary.

You collected 463 gold pieces.
You spent 48 gold pieces at shops.

Inventory:

Hand Weapons
 a - the +2 long sword of the Hungering Genius {spect, *Rage rF+++ Str+4 Int+3}
   (You found it on level 2 of the Dungeon)

   When its wielder attacks, the weapon's spirit leaps out and strikes again.
   The spirit shares a part of any damage it takes with its wielder.
   Str:       It affects your strength (+4).
   Int:       It affects your intelligence (+3).
   rF:        It renders you almost immune to fire.
   *Rage:     It berserks you when you make melee attacks (+20% chance).
 b - a +4 scythe of freezing (weapon)
 n - a +0 shortbow
 o - a +2 rapier of protection
 B - a +2 quarterstaff of chaos
 G - the +5 whip of Togreamo {speed, rPois}
   (You found it on level 7 of the Dungeon)

   Attacks with this weapon are significantly faster.
   rPois:     It protects you from poison.
 H - a +0 scimitar
Missiles
 d - 126 arrows
 q - 69 bolts
Armour
 k - a +1 pair of gloves (worn)
 m - an orb of energy
 v - a +2 robe of willpower
 x - a +3 ring mail of fire resistance (worn)
 C - a +0 cloak (worn)
 D - an orb of mayhem
 E - a +0 hat (worn)
 I - +0 acid dragon scales
Jewellery
 l - a +6 ring of intelligence
 r - a ring of willpower (left hand)
 z - an amulet of regeneration (around neck)
 F - an amulet of magic regeneration
Wands
 e - a wand of acid (4)
 f - a wand of paralysis (4)
 g - a wand of mindburst (14)
 A - a wand of flame (7)
Scrolls
 u - 6 scrolls of identify
 w - 2 scrolls of fear
 y - a scroll of amnesia
 J - 2 scrolls of teleportation
Potions
 c - 2 potions of heal wounds
 h - a potion of might
 i - 2 potions of mutation
 j - 8 potions of curing
 s - 2 potions of brilliance
 t - a potion of ambrosia


   Skills:
 - Level 2.0 Fighting
 - Level 1.7(4.0) Short Blades
 + Level 5.7(5.8) Long Blades
 + Level 5.3 Polearms
 + Level 2.1 Armour
 - Level 6.2 Dodging
 + Level 3.5 Stealth
 + Level 3.9 Spellcasting
 - Level 12.0 Summonings
 * Level 3.7 Air Magic
 - Level 1.0 Evocations


You had 3 spell levels left.
You knew the following spells:

 Your Spells              Type           Power      Damage    Failure   Level
a - Summon Small Mammal   Summ           100%       N/A       1%          1
b - Call Imp              Summ           38%        N/A       1%          2
c - Call Canine Familiar  Summ           38%        N/A       1%          3
d - Summon Guardian Gole  Hex/Summ       20%        N/A       11%         3
e - Summon Lightning Spi  Summ/Air       26%        N/A       17%         4

Your spell library contained the following spells:

 Spells                   Type           Power      Damage    Failure   Level
 Swiftness                Air            14%        N/A       26%         3
 Passwall                 Tmut/Erth      1%         N/A       54%         2


Dungeon Overview and Level Annotations

Branches:
Dungeon (8/15)             Temple (0/1) D:7         Ossuary (visited)
   Lair: D:8-11

Altars:
Ru
Wu Jian
Xom
Zin

Shops:
D:2 !

Annotations:
D:8 chipmonk's ghost, novice GnWn


Innate Abilities, Weirdness & Mutations

You have a beak for a mouth.
You have claws for feet.
Your magical nature lets you fly swiftly and evasively.


Message History

Chipmonk's ghost freezes your guardian golem.
Your lightning spire shoots out a bolt of lightning at chipmonk's ghost!
The bolt of electricity hits your guardian golem.
Your guardian golem resists.
The bolt of electricity hits chipmonk's ghost!
Reach: b) +4 scythe (freeze)
Press: ? - help, Dir - move target, f/p - chipmonk's ghost
Aim: chipmonk's ghost, wielding a weapon of freezing (moderately damaged, ally target, about 65% to evade your +4 scythe of freezing)
You could not reach far enough!
Your hound barely misses chipmonk's ghost.
Chipmonk's ghost hits your guardian golem but does no damage.
Your hound misses chipmonk's ghost.
Reach: b) +4 scythe (freeze)
Press: ? - help, Dir - move target, f/p - chipmonk's ghost
Aim: chipmonk's ghost, wielding a weapon of freezing (moderately damaged, ally target, about 65% to evade your +4 scythe of freezing)
You could not reach far enough!
Your hound misses chipmonk's ghost.
Chipmonk's ghost points at you and mumbles some strange words.
The stone arrow hits your guardian golem!!
Your guardian golem overheats!
Your hound closely misses chipmonk's ghost.
Chipmonk's ghost points at you and mumbles some strange words.
The stone arrow hits your guardian golem!!
Your guardian golem disappears in a puff of smoke!
Your guardian golem explodes!
The fiery explosion engulfs you! You resist.
The fiery explosion engulfs chipmonk's ghost!!
The fiery explosion engulfs your hound!!!
Your hound dies!
Your hound's corpse disappears in a puff of smoke!
Reach: b) +4 scythe (freeze)
Press: ? - help, Dir - move target, f/p - chipmonk's ghost
Aim: chipmonk's ghost, wielding a weapon of freezing (flame, severely damaged, ally target, about 65% to evade your +4 scythe of freezing)
You reach to attack!
You hit chipmonk's ghost. You freeze chipmonk's ghost.
Chipmonk's ghost is severely damaged.
You are engulfed in blazing flames.
You resist.
Chipmonk's ghost is engulfed in blazing flames.
Chipmonk's ghost casts a spell at you. The stone arrow hits you!!
Ouch! That really hurt!
You die...

###.#
#............#....#.
#...#
#....####.####.....#
#.###
#.#.#####....##.#..#
#.#
#.#.......[.....#..#
#.#
#.#######...........
#.# #.# ##.#.####..#
#.#
#.##########.####..#
#.#
#.8§§#.....#...(....
#.#
#..@W§≈≈≈≈)######...
#.# #.#§§#.....#
##.# #.#
#....######## #..
#.# ####.# ###.# ###
#.# #.# #...# #.#
#.# #.#5# #.# #.#
#.#.# #.# #.# #5#.#
#.#
#.####.#.########


You could see chipmonk's ghost (ally target) and a friendly lightning spire
(summoned).

Vanquished Creatures
  3 centaur zombies
  Sigmund (D:3)
  An acid dragon (D:7)
  An orc warrior (D:7)
  4 sky beasts
  3 ice beasts
  A black bear (D:7)
  A necrophage (D:7)
  A centaur (D:5)
  A bullfrog (D:8)
  2 scorpions
  A water moccasin zombie (D:5)
  A water moccasin skeleton (D:6)
  5 killer bees
  2 hounds (D:4)
  A jelly (D:6)
  3 gnoll shamans
  2 centaur skeletons
  4 orc priests
  A bullfrog skeleton (D:5)
  Ijyb (D:4)
  2 iguanas
  An orc wizard (D:7)
  14 mummies (Ossuary)
  8 gnolls
  8 adders
  A white imp (D:7)
  3 worms
  2 dart slugs
  23 orcs
  4 ball pythons
  2 endoplasms (D:4)
  3 giant cockroaches
  13 hobgoblins
  4 jackals (D:1)
  3 quokkas
  3 bats
  3 frilled lizards
  6 goblins
  4 goblin skeletons (Ossuary)
  4 kobolds
  A kobold skeleton (Ossuary)
  3 orc skeletons (Ossuary)
  3 rats
  11 rat skeletons (Ossuary)
169 creatures vanquished.

Vanquished Creatures (collateral kills)
  Harold (D:8)
  A phantom (D:7)
  A scorpion (D:6)
  A hound (D:5)
  An orc priest (D:3)
  An orc wizard (D:3)
  3 gnolls (D:8)
  An endoplasm (D:1)
  2 giant cockroaches
  A hobgoblin (D:2)
  2 jackals (D:1)
  A bat (D:1)
  A frilled lizard (D:1)
  2 kobolds
19 creatures vanquished.

Vanquished Creatures (others)
  Crazy Yiuf (D:6)
1 creature vanquished.

Grand Total: 189 creatures vanquished

Notes
Turn   | Place    | Note
-------+----------+-------------------------------------------
     0 | D:1      | Cheeritup the Tengu Summoner began the quest for the Orb.
     0 | D:1      | Reached XP level 1. HP: 10/10 MP: 4/4
   375 | D:1      | Reached skill level 5 in Summonings
   612 | D:1      | Reached skill level 1 in Evocations
   612 | D:1      | Reached XP level 2. HP: 15/15 MP: 6/6
   867 | D:1      | Learned a level 2 spell: Call Imp
   898 | D:1      | Reached skill level 1 in Short Blades
   987 | D:1      | Reached XP level 3. HP: 2/19 MP: 3/7
  1740 | D:2      | Identified the +2 long sword of the Hungering Genius
                  | {spect, *Rage rF+++ Str+4 Int+3}
  1864 | D:2      | Reached XP level 4. HP: 24/24 MP: 8/8
  1951 | D:2      | Learned a level 3 spell: Call Canine Familiar
  2124 | D:2      | Reached skill level 1 in Long Blades
  2400 | D:2      | Found Rode's Distillery.
  2406 | D:2      | Bought a potion of might for 48 gold pieces
  2548 | D:3      | Noticed Sigmund
  2590 | D:3      | Killed Sigmund
  2591 | D:3      | Reached skill level 6 in Summonings
  2591 | D:3      | Gained mutation: Your magical nature lets you fly swiftly
                  | and evasively. [Tengu growth]
  2591 | D:3      | Reached XP level 5. HP: 18/28 MP: 1/9
  2591 | D:3      | Reached XP level 6. HP: 20/32 MP: 1/10
  2892 | D:3      | Found an ornate altar of the Wu Jian Council.
  2896 | D:3      | Became a worshipper of the Wu Jian Council
  2990 | D:3      | Found a sacrificial altar of Ru.
  3389 | D:4      | Noticed Ijyb
  3395 | D:4      | Killed Ijyb
  3396 | D:4      | Reached skill level 1 in Fighting
  3396 | D:4      | Reached skill level 7 in Summonings
  3581 | D:4      | Reached XP level 7. HP: 28/38 MP: 11/11
  3798 | D:4      | Found a sand-covered staircase.
  3806 | Ossuary  | Entered an ossuary
  4116 | Ossuary  | Reached * piety under Wu Jian
  4488 | D:4      | Reached skill level 8 in Summonings
  4662 | D:4      | Found a glowing silver altar of Zin.
  4662 | D:4      | Noticed an angel
  4930 | D:5      | Entered Level 5 of the Dungeon
  5006 | D:5      | Reached skill level 9 in Summonings
  5208 | D:5      | Reached skill level 1 in Polearms
  5208 | D:5      | Reached XP level 8. HP: 42/43 MP: 8/12
  5363 | D:5      | Found a shimmering altar of Xom.
  5503 | D:5      | Identified a scroll of acquirement
  5503 | D:5      | Acquired a ring of willpower
  5555 | D:6      | Learned a level 3 spell: Summon Guardian Golem
  5601 | D:6      | Reached ** piety under Wu Jian
  5923 | D:6      | Reached skill level 10 in Summonings
  6157 | D:6      | Reached skill level 5 in Dodging
  6256 | D:6      | Found a runed translucent door.
  6257 | D:6      | Noticed Crazy Yiuf
  6270 | D:6      | Killed Crazy Yiuf
  6600 | D:6      | Reached XP level 9. HP: 47/47 MP: 14/14
  6607 | D:6      | Reached skill level 1 in Armour
  7003 | D:7      | Found a staircase to the Ecumenical Temple.
  7080 | D:7      | Reached skill level 11 in Summonings
  7264 | D:7      | Identified the +5 whip of Togreamo {speed, rPois}
  7277 | D:7      | Reached skill level 1 in Air Magic
  7599 | D:8      | Reached skill level 5 in Long Blades
  7617 | D:7      | HP: 2/48 [orc priest/divine providence (11)]
  7702 | D:7      | Reached skill level 5 in Polearms
  7734 | D:7      | Reached XP level 10. HP: 37/53 MP: 16/16
  7759 | D:8      | Reached *** piety under Wu Jian
  7760 | D:8      | Reached skill level 12 in Summonings
  7810 | D:7      | Learned a level 4 spell: Summon Lightning Spire
  7951 | D:8      | Noticed Harold
  7988 | D:8      | Killed Harold
  8503 | D:8      | Found a runed translucent door.
  8505 | D:8      | Noticed chipmonk's ghost (novice GnWn)
  8516 | D:8      | Killed from afar by chipmonk's ghost

Illustrated notes

Levels and vault maps discovered:
D:1:      lightli_arrival_boilingwater, layout_basic
D:2:      layout_rooms, serial_shops, nicolae_shop_advertising_works
          [nicolae_subvault_shop_adworks], minmay_pentomino_u4
D:3:      layout_basic, mainiacjoe_overflow_alcove_4,
          nicolae_ru_great_annihilating_truth, uniq_sigmund
D:4:      layout_gridville, zin_angel, nicolae_ossuary_entry_plus, uniq_ijyb
D:5:      layout_rooms, mainiacjoe_overflow_small_starburst
D:6:      layout_loops_ring, uniq_crazy_yiuf_cottage
D:7:      layout_loops_ring, minmay_temple_entry_statues
D:8:      layout_loops_ring, tso_altar, ebering_ghost_reflecting_pool,
          uniq_harold

Skill      XL: |  1  2  3  4  5  6  7  8  9 10 |
---------------+-------------------------------+-----
Summonings     | 5 6 7 9 10 11 12 | 12.0
Evocations     | 1 |  1.0
Short Blades   | 1 |  1.7
Long Blades    | 3 4 5 |  5.7
Stealth        | 3 |  3.5
Fighting       | 1 2 |  2.0
Dodging        | 3 4 6 |  6.2
Polearms       | 1 2 5 |  5.3
Spellcasting   | 3 |  3.9
Armour         | 2 |  2.1
Air Magic      | 2 3 |  3.7

Action                   |  1- 3 |  4- 6 |  7- 9 | 10-12 || total
-------------------------+-------+-------+-------+-------++-------
Melee: Unarmed           |     8 |       |       |       ||     8
       Short sword       |     7 |       |       |       ||     7
       Rapier            |    39 |       |       |       ||    39
       Kick              |     8 |     8 |    49 |    13 ||    78
       Peck              |     4 |    11 |    28 |     7 ||    50
       Long sword        |     6 |    57 |   186 |    35 ||   284
       Scythe            |       |     7 |     3 |     2 ||    12
       Punch             |       |       |     3 |       ||     3
 Cast: Summon Small Mamm |     8 |       |       |       ||     8
       Call Imp          |     8 |     6 |     6 |     2 ||    22
       Call Canine Famil |       |     6 |    13 |     4 ||    23
       Summon Guardian G |       |       |     4 |     2 ||     6
       Summon Lightning  |       |       |       |     1 ||     1
Invok: Lunge             |       |     6 |    19 |     6 ||    31
       Whirlwind         |       |       |     2 |       ||     2
 Abil: Wall Jump         |       |       |     1 |       ||     1
Evoke: Wand              |       |       |       |     2 ||     2
  Use: Scroll            |       |     6 |    18 |     1 ||    25
       Potion            |       |       |     2 |       ||     2
 Stab: Sleeping          |     3 |     2 |     6 |       ||    11
       Paralysed         |       |     1 |       |       ||     1
Armor: Robe              |     7 |     2 |    15 |       ||    24
       Ring mail         |       |    14 |    21 |     2 ||    37
       Leather armour    |       |     4 |       |       ||     4
       Acid dragon scale |       |       |       |     2 ||     2
Dodge: Dodged            |    26 |    55 |   138 |    16 ||   235

Table legend: (Time is in decaauts)
 A = Elapsed time spent in this place.
 B = Non-inter-level travel time spent in this place.
 C = Inter-level travel time spent in this place.
 D = Time resting spent in this place.
 E = Time spent auto-exploring this place.
 F = Levels seen in this place.
 G = Mean time per level.
                   A        B        C        D        E       F      G
               +--------+--------+--------+--------+--------+-----+--------+
         Total |   8580 |   8354 |    226 |   2751 |   3587 |   9 |  953.3 |
       Dungeon |   7888 |   7662 |    226 |   2538 |   3370 |   8 |  986.0 |
       Ossuary |    691 |    691 |      0 |    213 |    217 |   1 |  691.0 |
               +--------+--------+--------+--------+--------+-----+--------+

Top non-repeatable levels by time:
     D:1: 1631 daAuts
     D:6: 1239 daAuts
     D:4: 1044 daAuts
     D:7: 918 daAuts
     D:3: 851 daAuts
     D:2: 848 daAuts
     D:8: 795 daAuts
 Ossuary: 691 daAuts
     D:5: 559 daAuts
